 Dungeon Crawl Stone Soup version 0.29.1-1-gd02db69 (webtiles) character file.

Game seed: 10372358689150818115

12 bonegar the Sneak (level 2, 0/22 HPs)
             Began as a Naga Enchanter on Apr 11, 2023.
             Slain by a bat (1 damage)
             ... on level 1 of the Dungeon.
             The game lasted 00:02:45 (477 turns).

bonegar the Sneak (Naga Enchanter)                   Turns: 477, Time: 00:02:45

Health: 0/22       AC:  1    Str: 10    XL:     2   Next: 33%
Magic:  5/5        EV:  9    Int: 15    God:
Gold:   28         SH:  0    Dex: 11    Spells: 3/5 levels left

rFire   . . .      SeeInvis +   a - +1 dagger
rCold   . . .      Faith    .   (no shield)
rNeg    . . .      Spirit   .   b - +0 robe
rPois   +          Reflect  .   (no helmet)
rElec   .          Harm     .   (no cloak)
rCorr   .          Rampage  .   (no gloves)
Will    .....                   (no barding)
Stlth   +++.......              g - amulet of the acrobat
HPRegen 0.07/turn               (no ring)
MPRegen 0.09/turn               (no ring)

@: flying, invisible, very slow
A: AC +0, large, see invisible, deformed body, poison resistance, slowness 2,
spit poison 1, naga tail 1
a: Spit Poison


You were on level 1 of the Dungeon.
You visited 1 branch of the dungeon, and saw 1 of its levels.

You collected 28 gold pieces.

Inventory:

Hand Weapons
 a - a +1 dagger (weapon)
Armour
 b - a +0 robe (worn)
Jewellery
 g - an amulet of the acrobat (around neck)
Scrolls
 e - a scroll of fear {unknown}
 f - 3 scrolls of teleportation {unknown}
Potions
 c - a potion of invisibility


   Skills:
 + Level 1.1 Short Blades
 + Level 1.5 Dodging
 + Level 4.9 Stealth
 + Level 2.0 Spellcasting
 + Level 3.3 Hexes


You had 3 spell levels left.
You knew the following spells:

 Your Spells              Type           Power      Damage    Failure   Level
a - Ensorcelled Hibernat  Hex/Ice        12%        N/A       17%         2

Your spell library contained the following spells:

 Spells                   Type           Power      Damage    Failure   Level
 Confusing Touch          Hex            11%        N/A       17%         3
 Tukima's Dance           Hex            11%        N/A       17%         3
 Beastly Appendage        Tmut           2%         N/A       22%         1
 Wereblood                Tmut           1%         N/A       32%         2
 Dazzling Flash           Conj/Hex       12%        N/A       32%         3
 Spider Form              Tmut/Pois      1%         N/A       54%         3
 Animate Armour           Summ/Erth      2%         N/A       91%         4
 Blade Hands              Tmut           0%         N/A       99%         5
 Iron Shot                Conj/Erth      0%         9d1       100%        6


Dungeon Overview and Level Annotations

Branches:
Dungeon (1/15)

Altars:


Innate Abilities, Weirdness & Mutations

Your serpentine skin is tough. (AC +0)
You have supernaturally acute eyesight. (SInv)
Armour fits poorly on your strangely shaped body.
Your system is resistant to poisons. (rPois)
You cover ground very slowly.
You can spit poison.
You have a snake-like lower body.


Message History

You barely miss the bat. The bat barely misses you.
The frilled lizard bites you.
You fade into invisibility!
The bat hits you but does no damage. The frilled lizard bites you.
You hit the frilled lizard.
You kill the frilled lizard!
The rat bites you.
You closely miss the bat. The bat hits you but does no damage.
The bat barely misses you. The goblin hits you with a +0 club.
The rat bites you but does no damage. The frilled lizard bites you.
You completely miss the bat. The bat hits you but does no damage.
The frilled lizard closely misses you.
You strike the helpless rat from behind!
You puncture the rat!
You kill the rat!
The bat barely misses you. The goblin hits you with a +0 club.
The frilled lizard closely misses you.
You closely miss the bat. The bat hits you.
* * * LOW HITPOINT WARNING * * *
The bat closely misses you.
You hit the bat but do no damage. The bat closely misses you.
The goblin hits you with a +0 club.
* * * LOW HITPOINT WARNING * * *
The frilled lizard bites you.
* * * LOW HITPOINT WARNING * * *
The bat hits you but does no damage. The bat completely misses you.
The frilled lizard completely misses you.
The bat closely misses you. The goblin misses you.
It was a potion of flight.
You feel very buoyant.
You fly up into the air.
The bat barely misses you. The goblin closely misses you.
The frilled lizard closely misses you.
You miss the bat. The bat hits you.
* * * LOW HITPOINT WARNING * * *
The goblin hits you but does no damage. The frilled lizard barely misses you.
You hit the bat.
The bat is severely wounded.
The bat hits you.
You die...

### #.. #.# #.# #.#
#############.#
####...........#.# ##
...............#@#..#
...............gbl>.#
...............#g#..#
...............#....#
.............###......
.............#
#.......
.............#
#........
..........####
#.....[.. ..........#
#.......


You could see 2 goblins, a bat and a frilled lizard (unable to see you).

Vanquished Creatures
  A dart slug (D:1)
  An endoplasm (D:1)
  A giant cockroach (D:1)
  A goblin (D:1)
  A ball python (D:1)
  2 bats (D:1)
  2 frilled lizards (D:1)
  3 rats (D:1)
12 creatures vanquished.

Notes
Turn   | Place    | Note
-------+----------+-------------------------------------------
     0 | D:1      | bonegar the Naga Enchanter began the quest for the Orb.
     0 | D:1      | Reached XP level 1. HP: 15/15 MP: 3/3
   205 | D:1      | Reached XP level 2. HP: 20/22 MP: 5/5
   405 | D:1      | Learned a level 2 spell: Ensorcelled Hibernation
   476 | D:1      | HP: 1/22 [bat (1)]
   477 | D:1      | Slain by a bat

Illustrated notes

Levels and vault maps discovered:
D:1:      dpeg_arrival_simpleton_b, layout_basic,
          shapermc_ecumenical_altar_petra

Action                   || total
-------------------------++-------
Melee: Dagger            ||    27
  Use: Potion            ||     2
 Stab: Sleeping          ||     5
       Invisible         ||     1
Armor: Robe              ||     9
Dodge: Dodged            ||    21
